 Dungeon Crawl Stone Soup version 0.22.1-1-ga44c0e5 (webtiles) character file.

59 dohliylev the Sneak (level 3, -2/24 HPs)
             Began as a Vampire Enchanter on Oct 1, 2018.
             Slain by Sigmund
             ... wielding a +0 scythe
              (8 damage)
             ... on level 2 of the Dungeon.
             The game lasted 00:06:20 (1665 turns).

dohliylev the Sneak (Vampire Enchanter)             Turns: 1665, Time: 00:06:21

Health: -2/24      AC:  5    Str:  7    XL:     3   Next: 78%
Magic:  1/6        EV: 12    Int: 18    God:
Gold:   15         SH:  3    Dex: 14    Spells: 3/6 levels left

rFire    + . .     SeeInvis +   a - +1 dagger
rCold    . . .     Gourm    .   f - +0 buckler
rNeg     . . .     Faith    .   b - +0 robe
rPois    .         Spirit   .   (no helmet)
rElec    .         Reflect  .   (no cloak)
rCorr    .         Harm     .   (no gloves)
MR       .....                  (no boots)
Stlth    +++.......             (no amulet)
HPRegen  0.28/turn              e - +3 ring of protection
MPRegen  0.10/turn              k - ring of protection from fire

@: very slightly contaminated, regenerating quickly
A: fangs 3, see invisible, unbreathing
a: no special abilities


You were on level 2 of the Dungeon.
You were full.

You visited 1 branch of the dungeon, and saw 2 of its levels.

You collected 15 gold pieces.

Inventory:

Hand Weapons
 a - a +1 dagger (weapon)
Armour
 b - a +0 robe (worn)
 f - a +0 buckler (worn)
Jewellery
 e - a +3 ring of protection (left hand)
 k - a ring of protection from fire (right hand)
Scrolls
 c - a scroll of teleportation {unknown}
 i - a scroll of remove curse {unknown}
Potions
 d - 3 potions of blood
 g - 3 potions of degeneration {unknown}
 h - a potion of mutation {unknown}
 j - a potion of lignification {unknown}
 l - a potion of might {unknown}


   Skills:
 + Level 2.3 Short Blades
 + Level 2.9 Dodging
 + Level 6.0 Stealth
 - Level 2.0 Spellcasting
 - Level 4.4 Hexes


You had 3 spell levels left.
You knew the following spells:

 Your Spells              Type           Power        Failure   Level  Hunger
a - Corona                Hex            ###....      4%          1    #......
b - Ensorcelled Hibernat  Hex/Ice        #.....       19%         2    ###....

Your spell library contained the following spells:

 Spells                   Type           Power        Failure   Level  Hunger
 Confuse                  Hex            ###.....     16%         3    ###....
 Tukima's Dance           Hex            ###.....     16%         3    ###....
 Dazzling Spray           Conj/Hex       #.....       36%         3    ###....


Dungeon Overview and Level Annotations

Branches:
Dungeon (2/15)

Altars:
Cheibriados

Annotations:
D:2 Sigmund


Innate Abilities, Weirdness & Mutations

Your natural rate of healing is unusually fast.
You have razor-sharp teeth.
You have supernaturally acute eyesight. (SInv)
You can survive without breathing.


Message History

You bump into the rock wall.
Sigmund closely misses you. The jackal bites you.
* * * LOW HITPOINT WARNING * * *
Firing (i - inventory) No suitable missiles.
Press: ? - help, Shift-Dir - straight line, f - jackal
Aim: a jackal
Okay, then.
You're too confused!
The jackal closely misses you. Sigmund hits you but does no damage.
You feel less confused.
The jackal bites you but does no damage.
Casting: Ensorcelled Hibernation (safe; 19% risk of failure)
Confirm with . or Enter, or press ? or * to list all spells.
Aiming: Ensorcelled Hibernation (safe; 19% risk of failure)
Press: ? - help, Shift-Dir - straight line, f - jackal
Aim: a jackal (chance to defeat MR: 58%)
You miscast Ensorcelled Hibernation.
You are very lightly contaminated with residual magic.
Strange energies run through your body. The jackal misses you.
Sigmund hits you from afar with a scythe!
You die...

#.........# #.
#....รท...## #.
########.# #. #.#
######. #.# ........
#.# ##....#. #@#
#.##.#. #h# # #.#.
#@# #.#. #.# #.#.
#.# #... #.#
#########. #.#
...)...... ###.###
######.#. #.....#
#.#.
#.#.#.###########.#.
#.#...............#.


You could see Sigmund (invisible) and a jackal.

Vanquished Creatures
  2 adders (D:2)
  An ooze (D:2)
  2 worms (D:2)
  A dart slug (D:1)
  A leopard gecko (D:2)
  3 giant cockroaches
  4 goblins (D:1)
  4 hobgoblins
  2 jackals
  A bat (D:2)
  2 frilled lizards (D:2)
  A kobold (D:1)
  5 rats
29 creatures vanquished.

Notes
Turn   | Place    | Note
-------+----------+-------------------------------------------
     0 | D:1      | dohliylev the Vampire Enchanter began the quest for the
                  | Orb.
     0 | D:1      | Reached XP level 1. HP: 13/13 MP: 3/3
   217 | D:1      | Reached skill level 5 in Stealth
   217 | D:1      | Reached XP level 2. HP: 14/19 MP: 1/5
   354 | D:1      | Learned a level 2 spell: Ensorcelled Hibernation
  1320 | D:2      | Reached XP level 3. HP: 13/24 MP: 6/6
  1451 | D:2      | Found a snail-covered altar of Cheibriados.
  1581 | D:2      | Reached skill level 6 in Stealth
  1638 | D:2      | Noticed Sigmund
  1665 | D:2      | Slain by Sigmund

Skill      XL: |  1  2  3 |
---------------+----------+-----
Stealth        | 5 6 |  6.0
Short Blades   | 2 |  2.3
Dodging        | |  2.9
Spellcasting   | |  2.0
Hexes          | |  4.4

Action                   || total
-------------------------++-------
Melee: Dagger            ||    87
       Bite              ||     7
 Cast: Corona            ||    10
       Ensorcelled Hiber ||    15
 Stab: Sleeping          ||    13
  Eat: Corpse            ||     8
Armor: Robe              ||    15
Dodge: Dodged            ||    51
Block: Buckler           ||     2
